 Dungeon Sprint DCSS version 0.17-a0-1651-gae1a69f (webtiles) character file.

71017 Kidiri the Imperceptible (level 13, -4/55 HPs)
             Began as a Spriggan Enchanter on Aug 14, 2015.
             Was the Champion of Dithmenos.
             Killed from afar by a deep elf conjurer (33 damage)
             ... with a bolt of lightning
             ... in the Dungeon (Sprint III: "The Ten Rune Challenge").
             The game lasted 00:22:56 (5066 turns).

Kidiri the Imperceptible (Spriggan Enchanter)       Turns: 5066, Time: 00:22:56

Health: -4/55      AC:  8    Str:  4    XL:     13   Next: 88%
Magic:  27/36      EV: 36    Int: 18    God:    Dithmenos [******]
Gold:   1958       SH:  0    Dex: 18    Spells: 13 memorised, 2 levels left

rFire  + + .     SeeInvis +     C - +7 quick blade
rCold  + . .     Clarity  .     l - +1 robe {rC+ rF+}
rNeg   . . .     SustAt   .     (shield restricted)
rPois  +         Gourm    .     y - +2 hat {SInv}
rElec  .         Spirit   .     s - +0 cloak
rCorr  .         Warding  .     (gloves unavailable)
rMut   .         NoTele   +     (boots unavailable)
MR     ++...                    (no amulet)
Stlth  ++++++++++               (no ring)
                                (no ring)

@: wreathed by umbra, very quick, very resistant to hostile enchantments,
uncannily stealthy
A: unfitting armour, icy blue scales 1, molten scales 1, see invisible, dopey 1,
fire resistance 1, herbivore 3, speed 3, poison resistance, slow metabolism 2,
subdued magic 1
a: Shadow Step, Shadow Form, Renounce Religion
}: 2/10 runes: serpentine, barnacled


You were in the Dungeon.
You worshipped Dithmenos.
Dithmenos was exalted by your worship.
You were not hungry.

You visited 1 branch You collected 2172 gold pieces.
You spent 214 gold pieces at shops.

Inventory:

Hand weapons
 A - the +3 short sword of Fixation {venom, rN+}
   (You found it in the Dungeon)

   It poisons the flesh of those it strikes.
   It protects you from negative energy.
 C - a +7 quick blade (weapon)
Armour
 l - a +1 robe of resistance (worn)
 s - a +0 cloak (worn)
 y - a +2 hat of see invisible (worn)
Magical devices
 v - a wand of polymorph (12)
 B - a wand of magic darts (21)
Scrolls
 f - 2 scrolls of recharging
 j - a scroll of blinking
 m - a scroll of holy word
 o - 2 scrolls of remove curse
 t - 2 scrolls of fear
Potions
 e - 4 potions of curing
 g - 2 potions of haste
 h - a potion of magic
 i - 2 potions of berserk rage
 n - 2 potions of might
 q - 2 potions of agility
 r - 4 potions of flight
 u - a potion of cure mutation
 z - a potion of heal wounds
Books
 k - a book of Transfigurations

   Spells                             Type                      Level
   a - Stoneskin                      Transmutation/Earth          2
   b - Irradiate                      Conjuration/Transmutation    5
   c - Statue Form                    Transmutation/Earth          6
   d - Hydra Form                     Transmutation                6
   e - Dragon Form                    Transmutation                7
Comestibles
 b - 30 royal jellies
 d - a slice of pizza
 p - 12 fruits


   Skills:
 + Level 12.7 Short Blades
 * Level 21.0 Dodging
 * Level 22.8 Stealth
 * Level 18.2 Spellcasting
 + Level 8.9 Conjurations
 + Level 14.0 Hexes
 + Level 13.5 Transmutations
 + Level 9.6 Ice Magic
 + Level 10.0 Earth Magic
 - Level 2.6 Invocations


You had 2 spell levels left.
You knew the following spells:

 Your Spells              Type           Power        Failure   Level  Hunger
a - Corona                Hex            #####..      0%          1    None
b - Ensorcelled Hibernat  Hex/Ice        #####.       0%          2    None
c - Confuse               Hex            #####...     0%          3    None
d - Tukima's Dance        Hex            #####...     0%          3    None
e - Dazzling Spray        Conj/Hex       #####...     0%          3    None
f - Passwall              Trmt/Erth      #####.....   0%          3    None
g - Lee's Rapid Deconstr  Erth           #####.....   1%          5    ###....
h - Stone Arrow           Conj/Erth      ####..       1%          3    None
i - Stoneskin             Trmt/Erth      #####...     0%          2    None
j - Petrify               Trmt/Erth      #####...     1%          4    None
k - Irradiate             Conj/Trmt      #####.....   1%          5    ###....
l - Hydra Form            Trmt           #####.....   1%          6    #####..
m - Statue Form           Trmt/Erth      #####....    2%          6    #####..


Dungeon Overview and Level Annotations

Branches:
Dungeon (1/1)

Altars:
Cheibriados
Dithmenos
Elyvilon
Fedhas
Gozag
Kikubaaqudgha
Makhleb
Nemelex Xobeh
Okawaru
Qazlal
Ru
Sif Muna
Trog
Vehumet
Xom
Yredelemnul
Zin
The Shining One
Jiyva
Lugonu

Shops:
D (!}%}[*}?=!:(!(%*[%

Annotations:
D exclusion: obsidian statue


Innate Abilities, Weirdness & Mutations

You are tiny and cannot use many weapons and most armour.
You have supernaturally acute eyesight.
You are a herbivore.
You cover ground extremely quickly.
You need consume almost no food.
You are partially covered in icy blue scales (AC +1).
You are partially covered in molten scales (AC +1).
You are dopey. (Int -2)
Your flesh is heat resistant.
Your system is resistant to poisons.
Your spells are a little easier to cast, but a little less powerful.


Message History

Confirm with . or Enter, or press ? or * to list all spells.
Aiming: Confuse
Press: ? - help, Shift-Dir - straight line, f/p - deep elf conjurer
Aim: a deep elf conjurer, wielding a rapier (lightly wounded, umbra, chance to defeat MR: 19%)
The deep elf conjurer resists with almost no effort.
Casting: Confuse
Confirm with . or Enter, or press ? or * to list all spells.
Aiming: Confuse
Press: ? - help, Shift-Dir - straight line, f/p - deep elf conjurer
Aim: a deep elf conjurer, wielding a rapier (lightly wounded, umbra, chance to defeat MR: 19%)
The deep elf conjurer resists with almost no effort.
Your shadow mimicks your spell!
The deep elf conjurer resists with almost no effort.
The deep elf conjurer completely misses you.
The deep elf priest mumbles some strange prayers to its god against you.
Something smites you!
You emit a cloud of dark smoke.
The deep elf conjurer gestures at you while chanting.
The bolt of lightning hits you!
Ouch! That really hurt!
You die...

▓▓▓ ▓▓▓ #########.###.###########
## #__.#__#..#.#.##§§e.#...# e.3
#..)#._#..))....@§#e#...##≈≈≈
#+###+##..))[...∩.#.#...≈≈≈.
.......#..).%...###e#.).##≈
.......#.###.).## #e'e..#
######'#.#.#.#.# #######
#__#...#'########################
#__#...#.§≈≈≈+.#.+...+.#.#.#.+%.%
#__#...#.#≈≈≈#.#.#...##.#.#.##...
#__#...'.#.§.#.#.#(..#.#.#.#.#%..


You could see a deep elf conjurer.

Vanquished Creatures
  Rupert (D)
  Polyphemus (D)
  Gastronok (D)
  Harold (D)
  A greater naga (D)
  Ilsuiw (D)
  Maud (D)
  2 dire elephants (D)
  A merfolk javelineer (D)
  A fire dragon (D)
  Josephine (D)
  4 anacondas (D)
  A naga warrior (D)
  2 hydras (D)
  2 centaur warriors (D)
  4 dancing weapons (D)
  4 death yaks (D)
  A death drake (D)
  A spriggan druid (D)
  2 unseen horrors (D)
  A sea snake (D)
  A deep elf conjurer (D)
  Joseph (D)
  An orc sorcerer (D)
  An anubis guard (shapeshifter) (D)
  A lindwurm (D)
  An ugly thing (D)
  2 elephants (D)
  4 black mambas (D)
  A guardian serpent (D)
  2 spiny frogs (D)
  A komodo dragon (D)
  3 wandering mushrooms (D)
  A fire drake (D)
  A queen bee (D)
  4 spriggan defenders (D)
  A deep elf priest (D)
  An orc high priest (D)
  8 blink frogs (D)
  2 slime creatures (D)
  3 redbacks (D)
  2 spriggans (D)
  A shadow (D)
  A spatial vortex (D)
  An orc warrior (D)
  5 water moccasins (D)
  2 nagas (D)
  A swamp drake (D)
  2 centaurs (D)
  A necrophage (D)
  3 black mamba simulacra (D)
  2 brain worms (D)
  An earth elemental (D)
  A water elemental (D)
  32 killer bees (D)
  A wizard (D)
  4 orc priests (D)
  A jelly (D)
  Jessica (D)
  A necromancer (D)
  2 orc wizards (D)
  A wolf (D)
  3 sheep (D)
  A kobold demonologist (D)
  3 humans (D)
  4 adders (D)
  An ooze (D)
  12 orcs (D)
  2 rats (D)
  5 plants (D)
171 creatures vanquished.

Vanquished Creatures (others)
  2 draconian scorchers (D)
  2 yaktaurs (D)
  An electric eel (D)
  An orc priest (D)
  4 plants (D)
10 creatures vanquished.

Grand Total: 181 creatures vanquished

Notes
Turn   | Place    | Note
--------------------------------------------------------------
     0 | D        | Kidiri the Spriggan Enchanter began the quest for the Orb.
     0 | D        | Reached XP level 1. HP: 9/9 MP: 5/5
    16 | D        | Reached skill level 5 in Stealth
    33 | D        | Noticed Jessica
    36 | D        | Killed Jessica
    36 | D        | Reached skill level 5 in Dodging
    36 | D        | Reached skill level 6 in Stealth
    36 | D        | Reached XP level 2. HP: 13/13 MP: 6/8
    36 | D        | Reached XP level 3. HP: 16/16 MP: 7/10
    47 | D        | Learned a level 2 spell: Ensorcelled Hibernation
    51 | D        | Learned a level 3 spell: Confuse
    55 | D        | Learned a level 3 spell: Tukima's Dance
   134 | D        | Noticed a wolf
   144 | D        | Killed a wolf
   144 | D        | Reached skill level 7 in Stealth
   171 | D        | Killed a yaktaur
   210 | D        | Reached skill level 5 in Spellcasting
   210 | D        | Reached skill level 5 in Hexes
   210 | D        | Reached skill level 1 in Ice Magic
   210 | D        | Reached XP level 4. HP: 17/21 MP: 1/12
   240 | D        | Killed a white draconian scorcher
   261 | D        | Learned a level 3 spell: Dazzling Spray
   286 | D        | Killed a white draconian scorcher
   375 | D        | Gained mutation: You are partially covered in molten scales (AC +1). [potion of mutation]
   375 | D        | Gained mutation: You are dopey. (Int -2) [potion of mutation]
   375 | D        | Gained mutation: Your system is resistant to poisons. [potion of mutation]
   376 | D        | Gained mutation: Your spells are a little easier to cast, but a little less powerful. [potion of mutation]
   376 | D        | Gained mutation: You are partially covered in icy blue scales (AC +1). [potion of mutation]
   376 | D        | Gained mutation: Your flesh is heat resistant. [potion of mutation]
   414 | D        | Noticed a water elemental
   441 | D        | Killed a water elemental
   441 | D        | Reached skill level 8 in Stealth
   441 | D        | Reached skill level 1 in Conjurations
   441 | D        | Reached XP level 5. HP: 24/24 MP: 12/14
   594 | D        | Noticed a jelly
   595 | D        | Noticed a shadow
   597 | D        | Killed a shadow
   597 | D        | Reached skill level 10 in Stealth
   597 | D        | Reached XP level 6. HP: 28/28 MP: 15/17
   603 | D        | Killed a jelly
   608 | D        | Found a stormy altar of Qazlal.
   609 | D        | Found a sacrificial altar of Ru.
   609 | D        | Found a burning altar of Makhleb.
   609 | D        | Found a viscous altar of Jiyva.
   609 | D        | Found a shimmering altar of Xom.
   609 | D        | Found a shadowy altar of Dithmenos.
   609 | D        | Found a sparkling altar of Nemelex Xobeh.
   609 | D        | Found a corrupted altar of Lugonu.
   609 | D        | Found an opulent altar of Gozag.
   609 | D        | Noticed a spatial vortex
   610 | D        | Killed a spatial vortex
   610 | D        | Reached skill level 5 in Short Blades
   610 | D        | Reached skill level 11 in Stealth
   614 | D        | Became a worshipper of Dithmenos the Shadowed
   713 | D        | Found a radiant altar of Vehumet.
   714 | D        | Found a deep blue altar of Sif Muna.
   714 | D        | Found an ancient bone altar of Kikubaaqudgha.
   714 | D        | Noticed a wizard
   715 | D        | Killed a wizard
   715 | D        | Reached skill level 10 in Dodging
   717 | D        | Noticed a blue devil
   718 | D        | Noticed a sixfirhy
   721 | D        | Noticed a ynoxinul
   730 | D        | Learned a level 3 spell: Passwall
   736 | D        | Learned a level 5 spell: Lee's Rapid Deconstruction
   752 | D        | Found a glowing silver altar of Zin.
   753 | D        | Found a glowing golden altar of the Shining One.
   753 | D        | Found a white marble altar of Elyvilon.
   753 | D        | Noticed a deep elf priest
   755 | D        | Killed a deep elf priest
   755 | D        | Reached skill level 1 in Earth Magic
   755 | D        | Reached skill level 1 in Invocations
   755 | D        | Reached XP level 7. HP: 32/32 MP: 18/20
   767 | D        | Found an iron altar of Okawaru.
   768 | D        | Found a bloodstained altar of Trog.
   768 | D        | Noticed a human
   768 | D        | Noticed a human
   770 | D        | Killed a human
   770 | D        | Reached skill level 12 in Stealth
   771 | D        | Killed a human
   804 | D        | Found a snail-covered altar of Cheibriados.
   804 | D        | Noticed a necrophage
   805 | D        | Found a basalt altar of Yredelemnul.
   805 | D        | Found a blossoming altar of Fedhas.
   805 | D        | Noticed a necromancer
   808 | D        | Killed a necromancer
   808 | D        | Acquired Dithmenos's first power
   808 | D        | Reached XP level 8. HP: 18/36 MP: 18/22
   812 | D        | Killed a necrophage
  1049 | D        | Learned a level 3 spell: Stone Arrow
  1053 | D        | Learned a level 2 spell: Stoneskin
  1057 | D        | Noticed Josephine
  1060 | D        | Killed Josephine
  1060 | D        | Reached skill level 13 in Stealth
  1060 | D        | Reached skill level 10 in Spellcasting
  1070 | D        | Noticed an earth elemental
  1073 | D        | Killed an earth elemental
  1078 | D        | Noticed a centaur
  1078 | D        | Noticed a centaur warrior
  1078 | D        | Noticed a centaur
  1080 | D        | Killed a centaur
  1080 | D        | Reached XP level 9. HP: 39/39 MP: 24/24
  1082 | D        | Killed a centaur warrior
  1082 | D        | Acquired Dithmenos's second power
  1082 | D        | Reached skill level 14 in Stealth
  1082 | D        | Reached skill level 5 in Transmutations
  1082 | D        | Reached skill level 5 in Ice Magic
  1083 | D        | Killed a centaur
  1099 | D        | Noticed an unseen horror
  1099 | D        | Noticed an unseen horror
  1100 | D        | Killed an unseen horror
  1102 | D        | Killed an unseen horror
  1102 | D        | Reached skill level 15 in Stealth
  1117 | D        | Learned a level 4 spell: Petrify
  1117 | D        | Noticed a killer bee
  1117 | D        | Noticed a killer bee
  1117 | D        | Noticed a killer bee
  1117 | D        | Noticed a killer bee
  1117 | D        | Noticed a killer bee
  1117 | D        | Noticed a killer bee
  1117 | D        | Noticed a killer bee
  1117 | D        | Noticed a killer bee
  1117 | D        | Noticed a killer bee
  1117 | D        | Noticed a killer bee
  1117 | D        | Noticed a killer bee
  1117 | D        | Noticed a killer bee
  1117 | D        | Noticed a killer bee
  1117 | D        | Noticed a killer bee
  1117 | D        | Noticed a killer bee
  1117 | D        | Noticed a killer bee
  1118 | D        | Noticed a killer bee
  1118 | D        | Noticed a killer bee
  1119 | D        | Noticed a killer bee
  1119 | D        | Noticed a killer bee
  1119 | D        | Killed a killer bee
  1119 | D        | Acquired Dithmenos's third power
  1120 | D        | Noticed a queen bee
  1120 | D        | Noticed a killer bee
  1121 | D        | Noticed a killer bee
  1121 | D        | Noticed a killer bee
  1121 | D        | Killed a killer bee
  1123 | D        | Noticed a killer bee
  1123 | D        | Noticed a killer bee
  1123 | D        | Killed a killer bee
  1124 | D        | Noticed a killer bee
  1124 | D        | Noticed a killer bee
  1126 | D        | Noticed a killer bee
  1127 | D        | Noticed a killer bee
  1127 | D        | Killed a killer bee
  1127 | D        | Reached XP level 10. HP: 40/44 MP: 17/27
  1129 | D        | Killed a killer bee
  1132 | D        | Killed a killer bee
  1133 | D        | Noticed a killer bee
  1135 | D        | Noticed a killer bee
  1136 | D        | Killed a killer bee
  1138 | D        | Killed a killer bee
  1141 | D        | Killed a killer bee
  1147 | D        | Killed an electric eel
  1279 | D        | Noticed a killer bee
  1280 | D        | Killed a killer bee
  1280 | D        | Acquired Dithmenos's fourth power
  1282 | D        | Killed a killer bee
  1286 | D        | Killed a killer bee
  1292 | D        | Killed a killer bee
  1292 | D        | Reached skill level 5 in Conjurations
  1294 | D        | Killed a killer bee
  1296 | D        | Killed a killer bee
  1298 | D        | Killed a killer bee
  1300 | D        | Killed a killer bee
  1302 | D        | Killed a killer bee
  1305 | D        | Killed a killer bee
  1305 | D        | Reached skill level 5 in Earth Magic
  1438 | D        | Killed a killer bee
  1440 | D        | Killed a killer bee
  1441 | D        | Killed a killer bee
  1443 | D        | Killed a killer bee
  1445 | D        | Killed a killer bee
  1445 | D        | Reached skill level 16 in Stealth
  1447 | D        | Killed a killer bee
  1449 | D        | Killed a killer bee
  1451 | D        | Killed a killer bee
  1453 | D        | Killed a killer bee
  1457 | D        | Killed a killer bee
  1602 | D        | Killed a killer bee
  1604 | D        | Killed a killer bee
  1612 | D        | Killed a killer bee
  1612 | D        | Killed a queen bee
  1707 | D        | Noticed a wandering mushroom
  1708 | D        | Noticed a wandering mushroom
  1708 | D        | Noticed a wandering mushroom
  1710 | D        | Killed a wandering mushroom
  1722 | D        | Killed a wandering mushroom
  1729 | D        | Killed a wandering mushroom
  1830 | D        | Learned a level 5 spell: Irradiate
  1836 | D        | Noticed a spiny frog
  1836 | D        | Noticed a komodo dragon
  1836 | D        | Noticed a spiny frog
  1843 | D        | Killed a spiny frog
  1843 | D        | Reached skill level 15 in Dodging
  1843 | D        | Reached skill level 10 in Hexes
  1848 | D        | Killed a spiny frog
  1850 | D        | Killed a komodo dragon
  2168 | D        | Noticed a redback
  2170 | D        | Killed a redback
  2171 | D        | Noticed a brain worm
  2175 | D        | Killed a brain worm
  2178 | D        | Noticed a brain worm
  2180 | D        | Killed a brain worm
  2180 | D        | Reached skill level 17 in Stealth
  2186 | D        | Noticed a lindwurm
  2188 | D        | Noticed a redback
  2189 | D        | Killed a lindwurm
  2191 | D        | Killed a redback
  2191 | D        | Reached XP level 11. HP: 47/47 MP: 29/29
  2196 | D        | Noticed a redback
  2197 | D        | Killed a redback
  2198 | D        | Noticed Maud
  2200 | D        | Killed Maud
  2249 | D        | Noticed a six-headed hydra
  2249 | D        | Noticed an eight-headed hydra
  2251 | D        | Killed a six-headed hydra
  2252 | D        | Killed an eight-headed hydra
  2252 | D        | Reached skill level 18 in Stealth
  2263 | D        | Noticed a death drake
  2266 | D        | Killed a death drake
  2276 | D        | Found a blossoming altar of Fedhas.
  2276 | D        | Noticed a spriggan
  2276 | D        | Noticed a spriggan druid
  2276 | D        | Noticed a spriggan
  2278 | D        | Killed a spriggan druid
  2279 | D        | Killed a spriggan
  2280 | D        | Killed a spriggan
  2315 | D        | Noticed a water moccasin
  2315 | D        | Noticed an anaconda
  2316 | D        | Noticed a water moccasin
  2316 | D        | Noticed an anaconda
  2317 | D        | Killed a water moccasin
  2320 | D        | Killed an anaconda
  2321 | D        | Noticed an anaconda
  2322 | D        | Killed an anaconda
  2322 | D        | Reached skill level 10 in Transmutations
  2324 | D        | Killed a water moccasin
  2324 | D        | Reached skill level 10 in Short Blades
  2366 | D        | Killed an anaconda
  2486 | D        | Noticed a black mamba
  2486 | D        | Noticed a water moccasin
  2486 | D        | Noticed a water moccasin
  2486 | D        | Noticed an anaconda
  2486 | D        | Noticed a black mamba
  2486 | D        | Noticed a water moccasin
  2487 | D        | Killed a black mamba
  2490 | D        | Killed a water moccasin
  2491 | D        | Killed a black mamba
  2491 | D        | Reached skill level 19 in Stealth
  2493 | D        | Killed a water moccasin
  2494 | D        | Killed a water moccasin
  2499 | D        | Killed an anaconda
  2499 | D        | Reached skill level 15 in Spellcasting
  2499 | D        | Reached XP level 12. HP: 51/51 MP: 26/32
  2613 | D        | Noticed a naga
  2613 | D        | Noticed a naga
  2614 | D        | Noticed a naga warrior
  2614 | D        | Noticed a greater naga
  2614 | D        | Found Heveik's Food Shop.
  2614 | D        | Found Emini's Gadget Shoppe.
  2615 | D        | Killed a naga
  2616 | D        | Killed a naga
  2617 | D        | Found Wewey's Antique Armour Boutique.
  2618 | D        | Killed a naga warrior
  2619 | D        | Killed a greater naga
  2631 | D        | Noticed a guardian serpent
  2634 | D        | Killed a guardian serpent
  2637 | D        | Got a serpentine rune of Zot
  2732 | D        | Noticed a swamp drake
  2732 | D        | Noticed a fire drake
  2733 | D        | Killed a fire drake
  2735 | D        | Killed a swamp drake
  2742 | D        | Noticed a blink frog
  2742 | D        | Noticed a blink frog
  2754 | D        | Noticed a blink frog
  2754 | D        | Noticed a blink frog
  2754 | D        | Noticed a blink frog
  2755 | D        | Killed a blink frog
  2759 | D        | Killed a blink frog
  2761 | D        | Killed a blink frog
  2765 | D        | Killed a blink frog
  2768 | D        | Killed a blink frog
  2862 | D        | Noticed Rupert
  2864 | D        | Killed Rupert
  2864 | D        | Reached skill level 20 in Stealth
  2893 | D        | Noticed a death yak
  2893 | D        | Noticed a blink frog
  2893 | D        | Noticed a death yak
  2894 | D        | Killed a death yak
  2895 | D        | Noticed an azure jelly
  2895 | D        | Noticed a death yak
  2895 | D        | Noticed an azure jelly
  2895 | D        | Noticed a blink frog
  2895 | D        | Noticed a death yak
  2901 | D        | Killed a blink frog
  2912 | D        | Killed a death yak
  2916 | D        | Killed a death yak
  2923 | D        | Killed a death yak
  2924 | D        | Noticed a black mamba
  2998 | D        | Noticed a black mamba
  3002 | D        | Noticed a blink frog
  3007 | D        | Killed a blink frog
  3016 | D        | Killed a black mamba
  3020 | D        | Killed a blink frog
  3030 | D        | Killed a black mamba
  3127 | D        | Noticed Polyphemus
  3130 | D        | Noticed Ilsuiw
  3131 | D        | Killed Polyphemus
  3131 | D        | Reached skill level 21 in Stealth
  3131 | D        | Reached XP level 13. HP: 55/55 MP: 25/34
  3134 | D        | Found Reisuv's Antique Weapon Shoppe.
  3134 | D        | Noticed a sea snake
  3221 | D        | Killed Ilsuiw
  3472 | D        | Found Gusupn's Distillery.
  3473 | D        | Killed a sea snake
  3478 | D        | Found Otiys's Gadget Emporium.
  3479 | D        | Noticed a merfolk javelineer
  3488 | D        | Killed a merfolk javelineer
  3575 | D        | Got a barnacled rune of Zot
  3644 | D        | Noticed an azure jelly
  3644 | D        | Noticed an azure jelly
  3645 | D        | Noticed an elephant
  3645 | D        | Noticed an elephant
  3645 | D        | Noticed a dire elephant
  3645 | D        | Noticed a dire elephant
  3645 | D        | Noticed Gastronok
  3647 | D        | Killed Gastronok
  3648 | D        | Killed a dire elephant
  3650 | D        | Killed a dire elephant
  3653 | D        | Killed an elephant
  3655 | D        | Killed an elephant
  4036 | D        | Learned a level 6 spell: Hydra Form
  4043 | D        | Learned a level 6 spell: Statue Form
  4044 | D        | Noticed Harold
  4044 | D        | Noticed Joseph
  4046 | D        | Killed Harold
  4046 | D        | Reached skill level 22 in Stealth
  4047 | D        | Killed Joseph
  4067 | D        | Noticed an orc high priest
  4067 | D        | Noticed an orc priest
  4068 | D        | Noticed an orc priest
  4068 | D        | Noticed an orc priest
  4069 | D        | Killed an orc high priest
  4070 | D        | Killed an orc priest
  4072 | D        | Killed an orc priest
  4073 | D        | Killed an orc priest
  4113 | D        | Noticed a black mamba simulacrum
  4113 | D        | Noticed a black mamba simulacrum
  4113 | D        | Noticed a black mamba simulacrum
  4113 | D        | Killed a black mamba simulacrum
  4114 | D        | Killed a black mamba simulacrum
  4115 | D        | Killed a black mamba simulacrum
  4132 | D        | Got a steaming short sword
  4133 | D        | Identified the +3 short sword of Fixation {venom, rN+} (You found it in the Dungeon)
  4161 | D        | Noticed a spriggan defender
  4161 | D        | Noticed a spriggan defender
  4161 | D        | Noticed a spriggan defender
  4161 | D        | Noticed a spriggan defender
  4162 | D        | Killed a spriggan defender
  4163 | D        | Killed a spriggan defender
  4165 | D        | Killed a spriggan defender
  4166 | D        | Killed a spriggan defender
  4283 | D        | Noticed an obsidian statue
  4313 | D        | Noticed a slime creature
  4314 | D        | Noticed a slime creature
  4327 | D        | Killed a slime creature
  4343 | D        | Killed a slime creature
  4371 | D        | Killed a yaktaur
  4484 | D        | Noticed a brown ugly thing
  4485 | D        | Noticed a fire dragon
  4486 | D        | Killed a brown ugly thing
  4488 | D        | Killed a fire dragon
  4523 | D        | Noticed a centaur warrior
  4525 | D        | Killed a centaur warrior
  4540 | D        | Noticed an anubis guard
  4542 | D        | Killed an anubis guard
  4570 | D        | Noticed a trident of holy wrath
  4570 | D        | Noticed a battleaxe of venom
  4571 | D        | Noticed a war axe of chopping
  4571 | D        | Noticed a dire flail of protection
  4572 | D        | Killed a trident of holy wrath
  4575 | D        | Killed a battleaxe of venom
  4577 | D        | Killed a dire flail of protection
  4595 | D        | Killed a war axe of chopping
  4721 | D        | Found Ihey's Food Boutique.
  4721 | D        | Found Jemm's Gadget Emporium.
  4721 | D        | Found Tism's Assorted Antiques.
  4721 | D        | Found Taanice's Magic Scroll Shop.
  4721 | D        | Found Nepnul's Distillery.
  4721 | D        | Found Wan Xuix's Antique Armour Shop.
  4721 | D        | Found Ciuts's Book Boutique.
  4721 | D        | Found Lypuatz's Jewellery Shoppe.
  4721 | D        | Found Elaefekh's Weapon Shop.
  4721 | D        | Found Zont's Food Shoppe.
  4721 | D        | Found Unaeh's Antique Weapon Emporium.
  4721 | D        | Found Umereczargh's Distillery.
  4749 | D        | Bought a scroll of identify for 44 gold pieces
  4749 | D        | Bought 3 scrolls of identify for 132 gold pieces
  4881 | D        | Noticed an orc wizard
  4882 | D        | Noticed an orc priest
  4882 | D        | Noticed an orc wizard
  4882 | D        | Noticed an orc sorcerer
  4882 | D        | Noticed an orc warrior
  4882 | D        | Noticed an orc priest
  4883 | D        | Found Nakh's Assorted Antiques.
  4884 | D        | Killed an orc wizard
  4892 | D        | Killed an orc wizard
  4892 | D        | Killed an orc priest
  4895 | D        | Killed an orc sorcerer
  4903 | D        | Killed an orc priest
  4908 | D        | Killed an orc warrior
  4908 | D        | Reached skill level 10 in Earth Magic
  5031 | D        | Bought a scroll of identify for 38 gold pieces
  5036 | D        | Noticed a deep elf conjurer
  5036 | D        | Noticed a deep elf priest
  5036 | D        | Noticed a deep elf conjurer
  5036 | D        | Noticed a deep elf conjurer
  5036 | D        | Noticed a deep elf conjurer
  5043 | D        | Noticed a deep elf demonologist
  5045 | D        | Killed a deep elf conjurer
  5050 | D        | Noticed a deep elf conjurer
  5066 | D        | Killed from afar by a deep elf conjurer

Vault maps used:
D:        dungeon_sprint_mu

Action                   |  1- 3 |  4- 6 |  7- 9 | 10-12 | 13-15 || total
-------------------------+-------+-------+-------+-------+-------++-------
Melee: Dagger            |    23 |    13 |    19 |   111 |   322 ||   488
       Short sword       |       |       |       |       |    40 ||    40
       Quick blade       |       |       |       |       |    16 ||    16
 Cast: Ensorcelled Hiber |     6 |     1 |     5 |    56 |     6 ||    74
       Confuse           |     1 |       |     1 |     6 |     4 ||    12
       Dazzling Spray    |       |     1 |     1 |    18 |    16 ||    36
       Passwall          |       |       |       |     4 |    17 ||    21
       Stone Arrow       |       |       |       |       |     4 ||     4
       Lee's Rapid Decon |       |       |       |       |     4 ||     4
Invok: Shadow Step       |       |       |       |    14 |    11 ||    25
Evoke: Wand              |       |     3 |       |       |       ||     3
  Use: Scroll            |       |     4 |       |       |     7 ||    11
       Potion            |       |     2 |       |       |     2 ||     4
 Stab: Sleeping          |     3 |     5 |    13 |    76 |    33 ||   130
       Invisible         |       |     1 |     1 |     5 |     1 ||     8
       Confused          |       |       |     1 |     1 |       ||     2
       Distracted        |       |       |       |       |     1 ||     1
  Eat: Bread ration      |       |       |       |     1 |       ||     1
